 Dungeon Crawl Stone Soup version 0.32-a0-699-g1ee5eff69a (webtiles) character file.

Game seed: 5740703987244370223

0 Esekla the Sneak (level 1, 16/16 HPs)
             Began as an Octopode Delver on Mar 13, 2024.
             Quit the game on level 5 of the Dungeon.
             The game lasted 00:01:12 (104 turns).

Esekla the Sneak (Octopode Delver)                   Turns: 104, Time: 00:01:12

Health: 16/16      AC:  1    Str: 11    XL:     1   Next: 10%
Magic:  1/1        EV: 12    Int: 12    God:
Gold:   44         SH:  0    Dex: 13    Spells: 0/0 levels left

rFire   . . .        a - +0 falchion
rCold   . . .        (no shield)
rNeg    . . .        (helmet restricted)
rPois   .            (no amulet)
rElec   .            (no ring)
rCorr   .            (no ring)
SInv    .            (no ring)
Will    .....        (no ring)
Stlth   ++++         (no ring)
HPRegen 0.22/turn    (no ring)
MPRegen 0.07/turn    (no ring)
                     (no ring)

%: no passive effects
@: no status effects
A: almost no armour, amphibious, 8 rings, camouflage 1, gelatinous body 1,
(nimble swimmer 1), tentacles
a: no special abilities


You were on level 5 of the Dungeon.
You visited 1 branch of the dungeon, and saw 1 of its levels.

You collected 44 gold pieces.

Inventory:

Hand Weapons
 a - a +0 falchion (weapon)
Wands
 f - a wand of digging (3)
Scrolls
 b - a scroll of fog
Potions
 e - a potion of haste


   Skills:
 * Level 3.0 Fighting
 + Level 2.0 Long Blades
 * Level 2.0 Dodging
 + Level 6.6 Stealth
 * Level 0.1 Spellcasting


You couldn't memorise any spells.
You didn't know any spells.
Your spell library was empty.

Dungeon Overview and Level Annotations

Branches:
Dungeon (5/15)
 Temple: D:4-7

Altars:
Ashenzari
Cheibriados
Vehumet
Wu Jian


Innate Abilities, Weirdness & Mutations

You cannot wear most types of armour.
You are amphibious.
You can wear up to eight rings at the same time.
Your skin changes colour to match your surroundings (Stealth+).
Your rubbery body absorbs attacks. (AC +1, EV +1)
((You are camouflaged when in or above water. (Stealth+)))
You have tentacles for arms and can constrict up to eight enemies at once.


Message History

Welcome, Esekla the Octopode Delver.
Are you destined to find the legendary Orb of Zot, or to die trying?
Press ? for a list of commands and other information.
Found a shimmering robe, 30 gold pieces and a leather armour.
Found two stone staircases leading down.
You see here the +0 robe of Integrity {SInv}.
You now have 18 gold pieces.
There is a stone staircase leading down here.
Found a stone staircase leading down.
You now have 30 gold pieces (gained 12).
An adder comes into view.
You see here a +0 leather armour.
Found a broken altar of Ashenzari.
As you read the scroll of revelation, it crumbles to dust.
You feel aware of your surroundings.
You sensed 3 altars.
A howler monkey comes into view.
Found a scroll labelled YTITUR KOFYS.
Found a scroll labelled DEQOATW JEAMP.
A scorpion and a gnoll come into view.
Found 3 scrolls of fog.
Found a radiant altar of Vehumet.
As you read the scroll of fear, it crumbles to dust.
You assume a fearsome visage.
The scorpion looks frightened!
The gnoll looks frightened!
Found a flail.
Found an escape hatch in the ceiling. 3 bats come into view.
You slash the bat!
You kill the bat!
Found 14 gold pieces.
Found 2 large rocks.
Found a stone staircase leading up.
You now have 44 gold pieces (gained 14).
You open the large door.
Found two altars.
Are you sure you want to abandon this character and quit the game? (Confirm with "yes".)

**,>,*****,,,,,,,,
*,,,,**,**,,,,,,,,
**,,,,,,,,,,,,,,,,
**,,,,,,,,,,,,,,,,*
*,,,,,*,,,,,,,,,,,*
###*##*,,,,,,,,,,,*
##.##ß###,,,,*,*,,,,
#...'._⌠#*,,,*,*,,,,
####.@'._⌠##.***,,,*,*
#....##ß###..#**,,,***
#...######....,,,,,,,,
#.............,,,,,,,,
####..........,,,,,,,,
#............,,,,,,,,
##............,,,,,,,,
#.............,,,,,,,,
#...##..#####*********


There were no monsters in sight!

Vanquished Creatures
  A bat (D:5)
1 creature vanquished.

Notes
Turn   | Place    | Note
-------+----------+-------------------------------------------
     0 | D:5      | Esekla the Octopode Delver began the quest for the Orb.
     0 | D:5      | Reached XP level 1. HP: 16/16 MP: 1/1
     0 | D:5      | Identified the +0 robe of Integrity {SInv}
    16 | D:5      | Found a broken altar of Ashenzari.
    26 | D:5      | Noticed a howler monkey
    29 | D:5      | Noticed a scorpion
    31 | D:5      | Found a radiant altar of Vehumet.
   103 | D:5      | Found a snail-covered altar of Cheibriados.
   103 | D:5      | Found an ornate altar of the Wu Jian Council.
   104 | D:5      | Quit the game

Illustrated notes

Levels and vault maps discovered:
D:5:      layout_cave_pools, vehumet_altar_wand_db,
          gammafunk_temple_overflow_wave, nicolae_ashenzari_skybound,
          roderic_batcave, serial_bayou_pond_a, nicolae_zen_rock_garden

Action                     || total
---------------------------++-------
  Melee: Falchion          ||     1
    Use: Scroll            ||     2

Table legend: (Time is in decaauts)
 A = Elapsed time spent in this place.
 B = Non-inter-level travel time spent in this place.
 C = Inter-level travel time spent in this place.
 D = Time resting spent in this place.
 E = Time spent auto-exploring this place.
 F = Levels seen in this place.
 G = Mean time per level.
                   A        B        C        D        E       F      G
               +--------+--------+--------+--------+--------+-----+--------+
         Total |    104 |    104 |      0 |      0 |      0 |   1 |  104.0 |
       Dungeon |    104 |    104 |      0 |      0 |      0 |   1 |  104.0 |
               +--------+--------+--------+--------+--------+-----+--------+

Top non-repeatable levels by time:
     D:5: 104 daAuts
